 Dungeon Crawl Stone Soup version 0.28.0-45-g0d030f2227 (webtiles) character file.

Game seed: 7668792071906029124

357 safid the Cleaver (level 6, 0/52 HPs)
             Began as a Hill Orc Fighter on Apr 8, 2022.
             Slain by a two-headed ogre
             ... wielding a +0 giant spiked club
              (19 damage)
             ... on level 5 of the Dungeon.
             The game lasted 00:05:45 (4261 turns).

safid the Cleaver (Hill Orc Fighter)                Turns: 4261, Time: 00:05:46

Health: 0/52       AC:  9    Str: 21    XL:     6   Next: 64%
Magic:  6/6        EV:  9    Int:  8    God:
Gold:   218        SH:  4    Dex: 10    Spells: 5/5 levels left

rFire   . . .      SeeInvis .   a - +0 war axe
rCold   + . .      Faith    .   c - +0 buckler
rNeg    . . .      Spirit   .   p - +2 scale mail {rC+}
rPois   .          Reflect  .   (no helmet)
rElec   .          Harm     .   (no cloak)
rCorr   .          Rampage  .   (no gloves)
Will    .....                   (no boots)
Stlth   ..........              (no amulet)
HPRegen 0.17/turn               (no ring)
MPRegen 0.10/turn               (no ring)

@: no status effects
A: no striking features
a: no special abilities


You were on level 5 of the Dungeon.
You visited 1 branch of the dungeon, and saw 5 of its levels.

You collected 218 gold pieces.

Inventory:

Hand Weapons
 a - a +0 war axe (weapon)
Missiles
 g - 3 javelins (quivered)
Armour
 c - a +0 buckler (worn)
 p - a +2 scale mail of cold resistance (worn)
Wands
 b - a wand of mindburst (13)
Scrolls
 e - 2 scrolls of immolation {unknown}
 i - a scroll of blinking {unknown}
 k - a scroll of noise {unknown}
 l - a scroll of enchant armour {unknown}
 m - a scroll of silence {unknown}
 n - 2 scrolls of identify {unknown}
 o - a scroll of brand weapon {unknown}
 q - a scroll of magic mapping {unknown}
Potions
 d - a potion of might
 f - 2 potions of magic {unknown}
 h - a potion of resistance {unknown}
 j - 2 potions of degeneration {unknown}
 r - a potion of curing {unknown}


   Skills:
 - Level 4.0 Fighting
 + Level 8.0 Axes
 - Level 4.0 Armour
 - Level 4.0 Shields


You had 5 spell levels left.
You didn't know any spells.
Your spell library contained the following spells:

 Spells                   Type           Power      Damage    Failure   Level
 Confusing Touch          Hex            0%         N/A       99%         3
 Ignite Poison            Fire/Tmut/Pois 0%         N/A       99%         3
 Mephitic Cloud           Conj/Pois/Air  0%         N/A       99%         3
 Freezing Cloud           Conj/Ice/Air   0%         6-21      100%        5
 Yara's Violent Unravell  Hex/Tmut       0%         3d3       100%        5
 Enfeeble                 Hex            0%         N/A       100%        7


Dungeon Overview and Level Annotations

Branches:
Dungeon (5/15)
 Temple: D:4-7

Altars:
Ashenzari
Kikubaaqudgha


Message History

The orc hits you but does no damage. You block the gnoll's attack.
Unknown command.
You hit the gnoll.
The gnoll is heavily wounded.
You slash the orc!
You kill the orc!
The gnoll barely misses you.
Unknown command.
You closely miss the gnoll.
The gnoll is heavily wounded.
You hit the gnoll. The gnoll hits you with a +0 club.
The gnoll barely misses you.
Unknown command.
You hit the gnoll but do no damage.
The gnoll is moderately wounded.
You slash the gnoll!
You kill the gnoll!
The gnoll hits you but does no damage. The gnoll hits you with a +0 club.
Unknown command.
You slash the gnoll!
You kill the gnoll!
Your Axes skill increases to level 8!
Unknown command.
You start resting.
HP restored.
You climb downwards.
The iguana hisses angrily.
You block the gnoll's attack.
The two-headed ogre hits you with a +0 giant spiked club!!
The two-headed ogre hits you with a +0 giant club!
There is a stone staircase leading up, spattered with blood here.
A gnoll and an orc come into view.
The gnoll shouts!
You hear a bark!
You block the gnoll's attack.
The gnoll hits you from afar with a +0 spear.
A hound comes into view.
The hound barks!
You block the gnoll's attack. x2
The two-headed ogre hits you with a +0 giant spiked club!!
You die...

.##.#. .# ......#
..#
.......########.###
............g......
....... #...oh.$##
.......##<#.g...o..
#.....gg.l#######
#....@Og..#
#........##
#........#
#........#
#........#
#........#
#.........
#######.... #.....


You could see a two-headed ogre, an iguana, a hound, 5 gnolls and an orc.

Vanquished Creatures
  A gnoll shaman (D:4)
  A hound (D:5)
  9 adders
  10 gnolls
  A shadow imp (D:4)
  An ufetubus (D:5)
  An adder skeleton (D:4)
  A worm (D:3)
  5 dart slugs
  8 orcs
  4 endoplasms
  2 giant cockroaches (D:1)
  8 goblins
  10 hobgoblins
  2 jackals (D:3)
  8 kobolds
  4 quokkas
  5 ball pythons
  6 bats
  3 frilled lizards
  5 rats
95 creatures vanquished.

Notes
Turn   | Place    | Note
-------+----------+-------------------------------------------
     0 | D:1      | safid the Hill Orc Fighter began the quest for the Orb.
     0 | D:1      | Reached XP level 1. HP: 19/19 MP: 1/1
    32 | D:1      | Reached skill level 3 in Axes
    32 | D:1      | Reached XP level 2. HP: 19/27 MP: 2/2
   335 | D:1      | Reached XP level 3. HP: 16/33 MP: 3/3
  1059 | D:2      | Found a faded altar of an unknown god.
  1253 | D:2      | Reached XP level 4. HP: 35/40 MP: 4/4
  1411 | D:2      | Reached skill level 4 in Axes
  1923 | D:3      | Reached skill level 5 in Axes
  1928 | D:3      | Reached XP level 5. HP: 34/46 MP: 5/5
  2338 | D:3      | Found an ancient bone altar of Kikubaaqudgha.
  2406 | D:3      | Found a broken altar of Ashenzari.
  2619 | D:3      | Reached skill level 6 in Axes
  3653 | D:3      | Reached XP level 6. HP: 14/52 MP: 6/6
  4035 | D:5      | Entered Level 5 of the Dungeon
  4053 | D:4      | Reached skill level 7 in Axes
  4221 | D:5      | Noticed a two-headed ogre
  4230 | D:4      | Reached skill level 8 in Axes
  4261 | D:5      | Slain by a two-headed ogre

Illustrated notes

Levels and vault maps discovered:
D:1:      scummos_arrival_hexagon, layout_basic
D:2:      layout_loops_ring, chequers_ecumenical_altar_simple, minmay_quantized
D:3:      layout_rooms, mainiacjoe_overflow_24_doors,
          mainiacjoe_overflow_boulevard, kennysheep_generic_room_16
D:4:      layout_loops_ring
D:5:      wad_river_or_something, layout_basic, lemuel_doored_altar

Skill      XL: |  1  2  3  4  5  6 |
---------------+-------------------+-----
Axes           | 3 5 6 8 |  8.0
Fighting       | 4 |  4.0
Armour         | 4 |  4.0
Shields        | 4 |  4.0

Action                   |  1- 3 |  4- 6 || total
-------------------------+-------+-------++-------
Melee: War axe           |    68 |   179 ||   247
Armor: Scale mail        |    24 |    98 ||   122
Dodge: Dodged            |    31 |   101 ||   132
Block: Buckler           |    15 |    50 ||    65
